 Dungeon Crawl Stone Soup version 0.25-a0-927-g39f137c8b7 (webtiles) character file.

Game seed: 15479927833802841543, levelgen mode: deterministic

1417 Ivo the Skirmisher (level 9, -1/72 HPs)
             Began as a Human Wanderer on May 3, 2020.
             Slain by a bullfrog (4 damage)
             ... on level 6 of the Dungeon.
             The game lasted 00:35:28 (5081 turns).

Ivo the Skirmisher (Human Wanderer)                 Turns: 5081, Time: 00:35:29

Health: -1/72      AC: 11    Str: 16    XL:     9   Next: 2%
Magic:  10/10      EV:  9    Int: 13    God:
Gold:   178        SH:  0    Dex: 12    Spells: 10/10 levels left

rFire    + . .     SeeInvis .   q - +4 hand axe
rCold    . . .     Gourm    .   (no shield)
rNeg     . . .     Faith    .   b - +2 scale mail
rPois    .         Spirit   .   m - +1 helmet
rElec    .         Reflect  .   (no cloak)
rCorr    .         Harm     .   (no gloves)
MR       .....                  (no boots)
Stlth    ..........             v - amulet of rage
HPRegen  0.22/turn              s - ring of protection from fire
MPRegen  0.12/turn              (no ring)

@: no status effects
A: no striking features
a: Evoke Berserk Rage


You were on level 6 of the Dungeon.
You were not hungry.

You visited 1 branch of the dungeon, and saw 6 of its levels.

You collected 274 gold pieces.
You spent 96 gold pieces at shops.

Inventory:

Hand Weapons
 a - a +0 mace
 k - a +0 club
 q - a +4 hand axe (weapon)
 t - a +2 quarterstaff of speed
Missiles
 o - 76 stones
 r - 5 javelins
 u - 20 poisoned darts (quivered)
 F - a throwing net
 G - 5 silver boomerangs
Armour
 b - a +2 scale mail (worn)
 g - a +0 ring mail
 m - a +1 helmet (worn)
 n - a +0 chain mail
 J - a +0 plate armour
Jewellery
 s - a ring of protection from fire (left hand)
 v - an amulet of rage (around neck)
Wands
 I - a wand of digging (6)
Scrolls
 e - 2 scrolls of remove curse
 i - 2 scrolls of identify
 l - 2 scrolls of amnesia
 p - 2 scrolls of teleportation
 y - a scroll of blinking {unknown}
 B - a scroll of random uselessness {unknown}
 D - a scroll of fog {unknown}
 E - a scroll of fear
Potions
 c - 4 potions of lignification
 f - a potion of mutation
 h - 3 potions of brilliance
 j - 2 potions of might
 w - 3 potions of stabbing
 z - 2 potions of heal wounds
 A - a potion of haste
 C - 2 potions of cancellation
 H - a potion of invisibility
Comestibles
 d - 13 rations


   Skills:
 + Level 7.4 Fighting
 - Level 6.0 Maces & Flails
 - Level 5.0 Armour
 + Level 1.1 Dodging
 - Level 1.0 Stealth
 - Level 1.0 Spellcasting
   Level 1.0 Conjurations
   Level 1.0 Hexes
 - Level 1.0 Evocations


You had 10 spell levels left.
You didn't know any spells.
Your spell library contained the following spells:

 Spells                   Type           Power        Failure   Level  Hunger
 Sandblast                Erth           #.....       67%         1    ##.....
 Passwall                 Tmut/Erth      #.......     80%         2    ###....
 Stone Arrow              Conj/Erth      #.....       92%         3    ####...
 Petrify                  Tmut/Erth      #.......     100%        4    #####..
 Lee's Rapid Deconstruct  Erth           #.........   100%        5    ######.


Dungeon Overview and Level Annotations

Branches:
Dungeon (6/15)             Temple (0/1) D:5

Altars:
Fedhas
Vehumet
Xom
Yredelemnul

Shops:
D:5 !


Message History

Things that are here:
a +0 shortbow; 7 arrows
u - 20 poisoned darts (gained 1)
An adder and a zombie come into view.
The adder hisses angrily.
You hear a loud, deep croak!
A bullfrog comes into view.
You see here an arrow.
You see here a poisoned dart.
You see here an arrow.
Things that are here:
a +0 shortbow; 7 arrows You see here a giant cockroach corpse.
You butcher the giant cockroach corpse.
You see here 2 chunks of flesh.
There is a stone staircase leading up here.
You see here 2 arrows.
The bullfrog hits you.
* * * LOW HITPOINT WARNING * * *
The bullfrog hits you.
You die...

###
#@#
#F#
#S#
#Z#
#(#
#(#
#.#
.(.
##.#.


You could see a bullfrog, an adder and a hound zombie.

Vanquished Creatures
  Sigmund (D:2)
  An ice beast (D:5)
  3 ogres
  2 centaurs
  A gnoll sergeant (D:5)
  A howler monkey (D:4)
  2 crimson imps (D:5)
  2 orc priests
  2 hounds
  An orc wizard (D:5)
  Crazy Yiuf (D:2)
  2 bullfrog skeletons (D:5)
  2 worker ants
  A worker ant zombie (D:5)
  5 gnolls (D:5)
  A howler monkey skeleton (D:5)
  11 adders
  2 shadow imps (D:5)
  3 oozes
  3 worms
  2 dart slugs (D:4)
  2 leopard geckos
  9 orcs
  7 giant cockroaches
  5 hobgoblins
  9 jackals
  5 quokkas
  3 ball pythons
  6 bats
  5 frilled lizards
  10 goblins
  4 kobolds
  14 rats
128 creatures vanquished.

Notes
Turn   | Place    | Note
-------+----------+-------------------------------------------
     0 | D:1      | Ivo the Human Wanderer began the quest for the Orb.
     0 | D:1      | Ivo set off with the following items: a +0 mace, a +2 scale
                  | mail, a potion of lignification, a ration
     0 | D:1      | Reached XP level 1. HP: 15/15 MP: 2/2
   114 | D:1      | Reached XP level 2. HP: 18/21 MP: 3/3
   774 | D:2      | Found a basalt altar of Yredelemnul.
   828 | D:2      | Reached skill level 2 in Fighting
   828 | D:2      | Reached XP level 3. HP: 21/27 MP: 4/4
  1073 | D:2      | Noticed Sigmund
  1086 | D:2      | Killed Sigmund
  1086 | D:2      | Reached skill level 3 in Fighting
  1086 | D:2      | Reached XP level 4. HP: 17/37 MP: 5/5
  1086 | D:2      | Reached XP level 5. HP: 20/42 MP: 6/6
  1189 | D:2      | Reached XP level 6. HP: 36/48 MP: 7/7
  1302 | D:2      | Found a faded altar of an unknown god.
  1536 | D:2      | Found a runed translucent door.
  1537 | D:2      | Noticed Crazy Yiuf
  1547 | D:2      | Killed Crazy Yiuf
  1547 | D:2      | Reached skill level 4 in Fighting
  2035 | D:3      | You fall into a shaft and drop 2 floors!
  2035 | D:5      | Entered Level 5 of the Dungeon
  2035 | D:5      | Found a blossoming altar of Fedhas.
  2758 | D:3      | Reached XP level 7. HP: 52/55 MP: 8/8
  2904 | D:4      | Reached skill level 5 in Fighting
  2904 | D:4      | Reached skill level 5 in Maces & Flails
  3461 | D:4      | Found a shimmering altar of Xom.
  3650 | D:5      | Reached XP level 8. HP: 60/64 MP: 9/9
  3688 | D:5      | Reached skill level 6 in Fighting
  4470 | D:5      | Found a staircase to the Ecumenical Temple.
  4557 | D:5      | Found a radiant altar of Vehumet.
  4724 | D:5      | Reached skill level 7 in Fighting
  4766 | D:5      | Found Odaoxt's Distillery.
  4776 | D:5      | Reached skill level 5 in Armour
  4792 | D:5      | Bought a potion of invisibility for 96 gold pieces
  5069 | D:6      | Reached skill level 1 in Dodging
  5069 | D:6      | Reached XP level 9. HP: 4/72 MP: 10/10
  5081 | D:6      | HP: 3/72 [bullfrog (4)]
  5081 | D:6      | Slain by a bullfrog

Levels and vault maps discovered:
D:1:      ncdulo_watergridlock, layout_loops_ring
D:2:      layout_loops_corners, first_ration,
          chequers_ecumenical_altar_simple_redux, lemuel_tele_altar,
          uniq_sigmund, uniq_crazy_yiuf_cottage
D:3:      layout_basic, minmay_misc_feat_enclosed, minmay_misc_feat_roman,
          minmay_vboxes
D:4:      layout_basic, lemuel_doored_altar
D:5:      layout_loops_ring, nicolae_overflow_hidden_temple,
          minmay_temple_entry_overgrown, serial_shops, shop,
          fedhas_ov_isle_minmay
D:6:      layout_basic, uniq_duvessa

Skill      XL: |  1  2  3  4  5  6  7  8 |
---------------+-------------------------+-----
Fighting       | 2 3 4 5 7 |  7.4
Maces & Flails | 2 3 4 5 6 |  6.0
Armour         | 5 |  5.0
Dodging        | 1 |  1.1
Stealth        | |  1.0
Spellcasting   | |  1.0
Conjurations   | |  1.0
Hexes          | |  1.0
Evocations     | |  1.0

Action                   |  1- 3 |  4- 6 |  7- 9 || total
-------------------------+-------+-------+-------++-------
Melee: Mace              |    26 |       |       ||    26
       Hand axe          |    63 |   153 |   192 ||   408
       Quarterstaff      |       |     5 |       ||     5
Throw: Stone             |    44 |    57 |    26 ||   127
       Dart              |       |       |    34 ||    34
 Abil: Evoke Berserk Rag |       |     1 |       ||     1
  Use: Scroll            |       |     7 |     6 ||    13
  Eat: Chunk             |     1 |     6 |     8 ||    15
Armor: Scale mail        |    60 |    84 |   113 ||   257
Dodge: Dodged            |    32 |    68 |    80 ||   180

Table legend:
 A = Non-vault XP
 B = Vault XP
 C = Vault XP percentage of total XP
 D = Non-vault monster count
 E = Vault monster count
 F = Vault count percentage of total count
                 A         B        C        D         E       F
            +---------+---------+-------+---------+---------+-------
      Total |    1729 |     296 |  14.6 |     119 |       9 |   7.0
            +---------+---------+-------+---------+---------+-------
        D:1 |      16 |       0 |   0.0 |      11 |       0 |   0.0
        D:2 |      64 |     261 |  80.3 |      31 |       2 |   6.1
        D:3 |     143 |      35 |  19.7 |      29 |       7 |  19.4
        D:4 |     442 |       0 |   0.0 |      18 |       0 |   0.0
        D:5 |     952 |       0 |   0.0 |      28 |       0 |   0.0
        D:6 |     112 |       0 |   0.0 |       2 |       0 |   0.0
            +---------+---------+-------+---------+---------+-------
